cohdb
Replays
Latest Replays
All Replays
Popular Replays
Top Player Replays
Match Explorer
How It Works
Community
CoH3 Stats
Reddit
Sign in to upload your games and track your stats! →
Sign in with Steam
Match 43222267
Unlisted
Match 43222267
Overview
Messages
Build Orders
End
Construct Infanterie Kompanie
Selects Mechanized Battlegroup
MG 42 Machine Gun Team
Grenadier Squad
GrW 34 Mortar Team
Medical Station
Grenadier Squad
MG 42 Machine Gun Team
Infanterie Officer Quarters
Selects Raid Package
Construct Panzergrenadier Kompanie
Pak 40 Anti-tank Gun Team
Selects StuG Assault Group
Support Elements
Nebelwerfer 42 Rocket Launcher Team
StuG III G Assault Gun
Panzergrenadier Officer Quarters
Nebelwerfer 42 Rocket Launcher Team
Selects Spotting Scopes
Selects Stoßtruppen Assault Package
StuG III G Assault Gun
Nebelwerfer 42 Rocket Launcher Team
Kostas03
trotu
TOYOTA
Xheal
ßoo
NoDaddyBadTouch
0
0
Comments
sign in to comment!
No comments posted yet!